 Dungeon Crawl Stone Soup version 0.29-a0-887-gcbe080d7e0 (webtiles) character file.

Game seed: 16418215773875470606

50 iguanaiguana the Shield-Bearer (level 3, -8/33 HPs)
             Began as a Minotaur Fighter on July 22, 2022.
             Mangled by Sigmund
             ... wielding a +7 vampiric scythe
              (9 damage)
             ... on level 2 of the Dungeon.
             The game lasted 00:00:41 (613 turns).

iguanaiguana the Shield-Bearer (Minotaur Fighter)    Turns: 613, Time: 00:00:42

Health: -8/33      AC:  7    Str: 22    XL:     3   Next: 55%
Magic:  2/2        EV:  9    Int:  5    God:
Gold:   64         SH:  4    Dex:  9    Spells: 2/2 levels left

rFire   . . .      SeeInvis .   a - +0 war axe
rCold   . . .      Faith    .   c - +0 buckler
rNeg    . . .      Spirit   .   b - +0 scale mail
rPois   .          Reflect  .   (helmet restricted)
rElec   .          Harm     .   (no cloak)
rCorr   .          Rampage  .   (no gloves)
Will    .....                   (no boots)
Stlth   ..........              (no amulet)
HPRegen 0.11/turn               (no ring)
MPRegen 0.08/turn               (no ring)

@: no status effects
A: horns 2, retaliatory headbutt
a: no special abilities


You were on level 2 of the Dungeon.
You visited 1 branch of the dungeon, and saw 2 of its levels.

You collected 64 gold pieces.

Inventory:

Hand Weapons
 a - a +0 war axe (weapon)
Missiles
 g - 3 poisoned darts (quivered)
Armour
 b - a +0 scale mail (worn)
 c - a +0 buckler (worn)
Scrolls
 e - a scroll of identify {unknown}
 f - 2 scrolls of enchant armour {unknown}
 j - a scroll of fear {unknown}
 k - a scroll of fog {unknown}
Potions
 d - a potion of might {@q3}
 h - 2 potions of resistance {unknown}
 i - a potion of ambrosia {unknown}


   Skills:
 + Level 4.2 Fighting
 + Level 3.1 Axes
 + Level 4.2 Armour
 + Level 4.2 Shields


You had 2 spell levels left.
You didn't know any spells.
Your spell library was empty.

Dungeon Overview and Level Annotations

Branches:
Dungeon (2/15)

Altars:

Annotations:
D:2 Sigmund


Innate Abilities, Weirdness & Mutations

You have a pair of horns on your head.
You reflexively headbutt those who attack you in melee.


Message History

The kobold throws a stone.
The stone misses you. The kobold hits you but does no damage.
You slash the kobold!
You kill the kobold!
You see here a +0 dagger of speed.
No target in view!
No target in view!
No target in view!
You see here a +0 dagger of speed.
You see here a giant cockroach corpse.
Key pressed, stopping explore.
No target in view!
No target in view!
No target in view!
No target in view!
No target in view!
No target in view!
You see here an adder corpse.
Found a stone staircase leading up.
You see here a staff of cold.
f - 2 scrolls labelled ROURIRCHEIPPA (gained 1)
Found a stone staircase leading down.
No target in view!
No target in view!
No target in view!
No target in view!
No target in view!
No target in view!
You now have 64 gold pieces (gained 10).
A giant cockroach comes into view.
The giant cockroach barely misses you.
A giant cockroach is nearby!
You barely miss the giant cockroach. The giant cockroach misses you.
You hit the giant cockroach but do no damage.
You headbutt the giant cockroach.
You kill the giant cockroach!
No target in view!
There is a stone staircase leading down here.
A ball python comes into view.
The ball python hisses angrily.
The ball python closely misses you. You block the ball python's attack.
You barely miss the ball python. You headbutt the ball python.
The ball python is moderately wounded.
The ball python bites you but does no damage.
You block the ball python's attack.
You closely miss the ball python.
The ball python is moderately wounded.
The ball python bites you but does no damage.
The ball python closely misses you.
The ball python bites you but does no damage.
The ball python grabs you. The ball python constricts you.
A ball python is nearby!
You closely miss the ball python.
The ball python is moderately wounded.
The ball python closely misses you. The ball python constricts you.
The ball python bites you. The ball python constricts you.
You completely miss the ball python. Your headbutt misses the ball python.
The ball python barely misses you. The ball python constricts you.
The ball python bites you but does no damage.
The ball python constricts you.
You slash the ball python!
You kill the ball python!
Sigmund the Dreaded comes into view.
He is wielding a +7 vampiric scythe.
Sigmund shouts!
Sigmund mumbles some strange words.
Sigmund flickers and vanishes!
Deactivating autopickup; reactivate with Ctrl-A.
No target in view!
No target in view!
No target in view!
There is a strange disturbance nearby!
No target in view!
No target in view!
No target in view!
There is a strange disturbance nearby!
No target in view!
No target in view!
No target in view!
There is a strange disturbance nearby!
No target in view!
No target in view!
No target in view!
Unknown command.
There is a strange disturbance nearby!
No target in view!
No target in view!
No target in view!
There is a strange disturbance nearby!
No target in view!
No target in view!
No target in view!
Something hits you! Something hits you.
You barely miss something. Something hits you.
You closely miss something. Something hits you.
You barely miss something. Something hits you!
* * * LOW HITPOINT WARNING * * *
You completely miss something. You slash something!
Your headbutt misses something. Something hits you!
You die...

#...#
#......# #.#
#...#
#......# #.#
#..|#########
#.###.#####.#
#............
#.# #.......#
#.#.######..#
#.# #########
#.#.# #..#
#.# #.#.#
#..# #.#
#†#†# #..#
#.# #.#†#
#..# #@#
#.#.######..#
#{#
#..).....)..#
#.#
............#
#.#
###.#########
#.# #.# #.#
#.# #.# #.#
#.# #.#


There were no monsters in sight!

Vanquished Creatures
  A gnoll (D:1)
  An adder (D:2)
  A dart slug (D:2)
  3 ball pythons (D:2)
  3 bats (D:1)
  An endoplasm (D:1)
  5 giant cockroaches
  3 goblins
  3 hobgoblins (D:1)
  3 kobolds
  A quokka (D:2)
  A frilled lizard (D:2)
  A rat (D:2)
27 creatures vanquished.

Vanquished Creatures (others)
  A fungus (D:2)
  7 plants (D:2)
8 creatures vanquished.

Grand Total: 35 creatures vanquished

Notes
Turn   | Place    | Note
-------+----------+-------------------------------------------
     0 | D:1      | iguanaiguana the Minotaur Fighter began the quest for the
                  | Orb.
     0 | D:1      | Reached XP level 1. HP: 19/19 MP: 0/0
    32 | D:1      | Reached XP level 2. HP: 27/27 MP: 1/1
   419 | D:2      | Reached XP level 3. HP: 33/33 MP: 2/2
   604 | D:2      | Noticed Sigmund
   611 | D:2      | HP: 1/33 [something (14)]
   613 | D:2      | Mangled by Sigmund

Illustrated notes

Levels and vault maps discovered:
D:1:      dpeg_arrival_stone_temple_mockup, layout_basic
D:2:      layout_basic, shapermc_ecumenical_altar_mp_ritualfount, uniq_sigmund

Skill      XL: |  1  2 |
---------------+-------+-----
Armour         | 4 |  4.2
Shields        | 4 |  4.2
Fighting       | 4 |  4.2
Axes           | 3 |  3.1

Action                   || total
-------------------------++-------
Melee: War axe           ||    61
       Headbutt          ||     6
Armor: Scale mail        ||    25
Dodge: Dodged            ||    40
Block: Buckler           ||    18

Table legend: (Time is in decaauts)
 A = Elapsed time spent in this place.
 B = Non-inter-level travel time spent in this place.
 C = Inter-level travel time spent in this place.
 D = Time resting spent in this place.
 E = Time spent auto-exploring this place.
 F = Levels seen in this place.
 G = Mean time per level.
                   A        B        C        D        E       F      G
               +--------+--------+--------+--------+--------+-----+--------+
         Total |    636 |    624 |     12 |      0 |    448 |   2 |  318.0 |
       Dungeon |    636 |    624 |     12 |      0 |    448 |   2 |  318.0 |
               +--------+--------+--------+--------+--------+-----+--------+

Top non-repeatable levels by time:
     D:1: 423 daAuts
     D:2: 213 daAuts
